 Dungeon Crawl Stone Soup version 0.32-a0-675-gdc239d62e1 (webtiles) character file.

Game seed: 13446506911107086758

353592 gimp the Metamorph (level 23, -11/169 HPs)
             Began as a Formicid Shapeshifter on Mar 11, 2024.
             Was a Follower of Uskayaw.
             Mangled by a ghostly deep elf archer
             ... wielding a +0 short sword
              (19 damage)
             ... on level 3 of the Elven Halls on Mar 12, 2024.
             The game lasted 02:00:35 (52980 turns).

gimp the Metamorph (Formicid Shapeshifter)         Turns: 52980, Time: 02:00:35

Health: -11/169    AC:  5    Str: 27    XL:     23   Next: 30%
Magic:  23/36      EV: 28    Int: 14    God:    Uskayaw [*.....]
Gold:   3711       SH:  0    Dex: 21    Spells: 22/22 levels left

rFire   + .          .
                       - Unarmed
rCold   + . .        (shield currently unavailable)
rNeg    + . .        o - +0 robe {Will+}
rPois   .            (helmet unavailable)
rElec   +            Z - scarf {repulsion}
rCorr   .            U - melded +0 pair of gloves
SInv    +            D - +2 pair of boots
Will    +++..        z - amulet of the Air {Inacc Air Fly rElec RMsl}
Stlth   ++           W - ring of protection from cold
HPRegen 0.48/turn    V - ring of the Priest {rF+ rN+ Str+6 Int+3}
MPRegen 0.25/turn

%: inaccuracy (-5), repel missiles
@: blade hands, flying, invisible
A: permanent stasis, dig shafts and tunnels, antennae 3, four strong arms
}: 2/15 runes: serpentine, barnacled
a: Dig, Shaft Self, Begin Untransformation, Renounce Religion, Stomp


You were on level 3 of the Elven Halls.
You worshipped Uskayaw.
Uskayaw was most pleased with you.
You had blades for hands.
You visited 8 branches of the dungeon, and saw 38 of its levels.
You visited the Abyss 1 time.
You also visited: Gauntlet and Ice Cave.

You collected 4664 gold pieces.
You spent 953 gold pieces at shops.

Inventory:

Missiles
 u - 2 curare-tipped darts
 M - 8 throwing nets
Armour
 o - a +0 robe of willpower (worn)
 A - a +2 cloak
 D - a +2 pair of boots (worn)
 F - +0 swamp dragon scales
 U - a +0 pair of gloves (melded)
 Z - a scarf of repulsion (worn)
Jewellery
 y - a ring of resist corrosion
 z - the amulet of the Air (around neck) {Inacc Air Fly rElec RMsl}
   (You took it off an orc warrior on level 8 of the Dungeon)

   [amulet of nothing]

   Inacc:     It reduces the accuracy of your attacks and spells.
   Air:       It enhances your air magic.
   rElec:     It insulates you from electricity.
   Fly:       It grants you flight.
   RMsl:      It protects you from missiles.
 K - an amulet of faith
 V - the ring of the Priest (right blade hand) {rF+ rN+ Str+6 Int+3}
   (You found it on level 2 of the Shoals)

   [ring of strength]

   Str+6:     It affects your strength (+6).
   Int+3:     It affects your intelligence (+3).
   rF+:       It protects you from fire.
   rN+:       It protects you from negative energy.
 W - a ring of protection from cold (left blade hand)
 X - a +6 ring of dexterity
Talismans
 d - the dragon-blood talisman of Impermeability {Int+3}
   (You found it on level 1 of the Vaults)

   [dragon-blood talisman]

   Int+3:     It affects your intelligence (+3).
 q - a granite talisman
 x - a blade talisman (active)
Wands
 n - a wand of paralysis (25)
 w - a wand of roots (20)
 B - a wand of acid (1)
 E - a wand of polymorph (6)
 H - a wand of digging (19)
 O - a wand of mindburst (16)
 Q - a wand of flame (54)
Scrolls
 c - 4 scrolls of immolation
 g - a scroll of fear
 i - 2 scrolls of fog
 k - 7 scrolls of enchant armour
 r - 9 scrolls of vulnerability
 s - 3 scrolls of torment
 I - 3 scrolls of identify
 L - 4 scrolls of poison
 N - 3 scrolls of silence
 T - 2 scrolls of revelation
Potions
 a - 7 potions of attraction
 f - 4 potions of mutation
 j - 5 potions of resistance
 l - 18 potions of curing
 m - 3 potions of might
 G - 7 potions of enlightenment
 J - 3 potions of invisibility
 P - 3 potions of ambrosia
 R - 2 potions of cancellation
 S - 5 potions of lignification
Miscellaneous
 b - a condenser vane
 p - a phial of floods
 C - a phantom mirror (inert)
 Y - a box of beasts (inert)


   Skills:
 - Level 11.0 Fighting
 * Level 19.9 Dodging
 * Level 17.8 Unarmed Combat
 - Level 19.0 Invocations
 - Level 9.0 Evocations
 + Level 20.7 Shapeshifting


You had 22 spell levels left.
You didn't know any spells.
Your spell library contained the following spells:

 Spells                   Type           Power      Damage    Failure   Level
 Foxfire                  Conj/Fire      0%         2x1d4     28%         1
 Freeze                   Ice            0%         1d3       28%         1
 Kiss of Death            Conj/Necr      0%         2d5       28%         1
 Magic Dart               Conj           0%         1d3       28%         1
 Necrotise                Necr           0%         1d4       28%         1
 Shock                    Conj/Air       0%         1d3       28%         1
 Slow                     Hex            0%         N/A       28%         1
 Sting                    Conj/Alch      0%         1d3       28%         1
 Cigotuvi's Dreadful Rot  Necr/Alch/Air  0%         N/A       41%         2
 Mercury Vapours          Alch/Air       0%         N/A       41%         2
 Scorch                   Fire           0%         2d5       41%         2
 Searing Ray              Conj           0%         2d4       41%         2
 Static Discharge         Conj/Air       0%         3-3/arc   41%         2
 Sublimation of Blood     Necr           0%         N/A       41%         2
 Confusing Touch          Hex            0%         N/A       65%         3
 Dazzling Flash           Conj/Hex       0%         N/A       65%         3
 Gell's Gravitas          Tloc           0%         N/A       65%         3
 Mephitic Cloud           Conj/Alch/Air  0%         N/A       65%         3
 Summon Ice Beast         Ice/Summ       0%         N/A       65%         3
 Vampiric Draining        Necr           0%         2d6       65%         3
 Airstrike                Air            0%         2d(0-16)  96%         4
 Anguish                  Hex/Necr       0%         N/A       96%         4
 Animate Armour           Summ/Erth      0%         N/A       96%         4
 Cause Fear               Hex            0%         N/A       96%         4
 Dispel Undead            Necr           0%         3d6       96%         4
 Flame Wave               Conj/Fire      0%         2d4       96%         4
 Fulminant Prism          Conj/Alch      0%         3d5       96%         4
 Ignite Poison            Fire/Alch      0%         N/A       96%         4
 Leda's Liquefaction      Alch/Erth      0%         N/A       96%         4
 Martyr's Knell           Necr/Summ      0%         N/A       96%         4
 Olgreb's Toxic Radiance  Alch           0%         N/A       96%         4
 Petrify                  Alch/Erth      0%         N/A       96%         4
 Sticky Flame             Fire/Alch      0%         2d4       96%         4
 Summon Lightning Spire   Summ/Air       0%         N/A       96%         4
 Curse of Agony           Necr           0%         N/A       100%        5
 Fireball                 Conj/Fire      0%         3d3       100%        5
 Freezing Cloud           Conj/Ice/Air   0%         6-21      100%        5
 Irradiate                Conj/Alch      0%         3d11      100%        5
 Lee's Rapid Deconstruct  Erth           0%         3d4*      100%        5
 Bombard                  Conj/Erth      0%         9d1       100%        6
 Plasma Beam              Fire/Air       0%         2x1d10    100%        6
 Starburst                Conj/Fire      0%         6d3       100%        6
 Summon Cactus Giant      Summ           0%         N/A       100%        6
 Enfeeble                 Hex            0%         N/A       100%        7
 Ozocubu's Refrigeration  Ice            0%         4d7       100%        7
 Ignition                 Fire           0%         3d3       100%        8
 Chain Lightning          Conj/Air       0%         N/A       100%        9
 Dragon's Call            Summ           0%         N/A       100%        9
 Fire Storm               Conj/Fire      0%         5d1       100%        9
 Shatter                  Erth           0%         3d5*      100%        9
 Swiftness                Air            Unusable   N/A       N/A         3

Dungeon Overview and Level Annotations

Branches:
Dungeon (15/15)            Temple (1/1) D:4            Lair (5/5) D:8
 Shoals (4/4) Lair:3        Snake (4/4) Lair:2        Slime (0/5) Lair:5
    Orc (2/2) D:12            Elf (3/3) Orc:2        Vaults (4/5) D:14
  Crypt (0/3) Vaults:3      IceCv (visited)         Gauntlet (visited)
 Depths: D:15

Altars:
Ashenzari
Cheibriados
Dithmenos
Elyvilon
Fedhas
Gozag
Hepliaklqana
Kikubaaqudgha
Makhleb
Nemelex Xobeh
Okawaru
Qazlal
Ru
Trog
Uskayaw
Vehumet
Wu Jian
Xom
Zin
The Shining One
Beogh
Jiyva

Shops:
D:11 (   Orc:2 =*[(   Elf:1 !   Shoals:4 (   Snake:3 [

Annotations:
D:4 exclusion: door
D:5 Edmund
D:6 1 runed translucent door, exclusion: door, BubbleThief's ghost, novice MfGl
D:13 3 runed translucent doors, exclusion: 3 doors, bayes525's ghost, journeyman FeBe
Lair:1 2 transporters, Nyexeo's ghost, journeyman VSEn
Elf:3 exclusions: orange crystal statue and 2 more exclusions, Louise


Innate Abilities, Weirdness & Mutations

You have blades for hands.
You are incapable of wielding weapons or throwing items.
You cannot be hasted, slowed, berserked, paralysed or teleported.
You can dig through walls and to a lower floor.
You have a pair of large antennae on your head. (SInv)
Your four strong arms can wield two-handed weapons with a shield.


Message History

Your butterfly dies!
Your butterfly disappears in a burst of colours!
The ghostly deep elf archer shouts!
The ghostly deep elf archer completely misses you.
The Executioner hits the ghostly deep elf death mage. x3
The deep elf pyromancer barely misses the ghostly deep elf knight.
The ghostly deep elf knight hits the ghostly deep elf death mage with a +0 short sword!
The smoke demon completely misses you. The smoke demon misses you.
The smoke demon closely misses you. The Ice Fiend gestures at you.
The bolt of cold is repelled.
You now have 22/36 mp.
Press: ? - help, v - describe, . - travel, g - get item
Here: a ghostly deep elf demonologist, wielding a +0 long sword and wearing a +0 ring mail (severely damaged, not watching you, ally target)
Items here: a +0 short sword; a +0 leather armour.
The floor, spattered with blood.
You miss the ghostly deep elf archer.
Your slash misses the ghostly deep elf archer.
The ghostly deep elf death mage closely misses the +0 scimitar of holy wrath.
The ghostly deep elf death mage hits itself with a +0 long sword.
The ghostly deep elf death mage is destroyed!
You slash the Ice Fiend!
You slash the Ice Fiend, but do no damage.
The Ice Fiend is lightly wounded.
The Executioner hits the +0 scimitar of holy wrath but does no damage.
The Executioner barely misses the +0 scimitar of holy wrath.
The Executioner hits the +0 scimitar of holy wrath but does no damage.
The ghostly deep elf knight hits the ghostly deep elf archer with a +0 short sword!!
The smoke demon completely misses you. The smoke demon closely misses you. x2
The Ice Fiend calls on the powers of darkness!
Your body is wracked with pain!
* * * LOW HITPOINT WARNING * * *
The deep elf knight convulses!
The deep elf pyromancer convulses!
The deep elf zephyrmancer convulses!
The deep elf knight convulses!
The ghostly deep elf archer completely misses you.
You take 3 damage, and have 7/169 hp.
Unknown command.
Unknown command.
Unknown command.
Unknown command.
Unknown command.
Unknown command.
Unknown command.
Unknown command.
Okay, then.
Okay, then.
Unknown command.
Unknown command.
Unknown command.
Unknown command.
Okay, then.
Press: ? - help, v - describe, . - travel, g - get item
Here: a ghostly deep elf demonologist, wielding a +0 long sword and wearing a +0 ring mail (heavily damaged, not watching you, ally target) Item here: a +0 rapier.
The floor.
Unknown command.
Press: ? - help, v - describe, . - travel
Here: a deep elf pyromancer, wielding a +0 rapier (severely wounded, confused, unable to see you, covered in acid)
The floor, spattered with blood.
Unknown command.
Unknown command.
Aiming: Corrosive Bolt
Press: ? - help, Shift-Dir - straight line, f - ghostly deep elf demonologist
Aim: a ghostly deep elf demonologist, wielding a +0 long sword and wearing a +0 ring mail (heavily damaged, not watching you, ally target, 43% to hit)
Okay, then.
Unknown command.
Aiming: Corrosive Bolt
Press: ? - help, Shift-Dir - straight line
Okay, then.
Press: ? - help, v - describe, . - travel, g - get item
Here: a red devil, wielding a +3 trident of venom (lightly wounded, summoned, unable to see you)
Items here: a +0 short sword; a +0 leather armour.
The floor, spattered with blood.
Unknown command.
Unknown command.
Press: ? - help, v - describe, . - travel, g - get item
Here: a smoke demon (severely wounded, summoned, unable to see you) Item here: an elf corpse.
The floor, spattered with blood.
Aiming: Corrosive Bolt
Press: ? - help, Shift-Dir - straight line The bolt of acid hits the red devil!!
The acid corrodes the red devil!
The red devil is severely wounded.
The bolt of acid hits the ghostly deep elf demonologist!!
The acid corrodes the ghostly deep elf demonologist!
The ghostly deep elf demonologist is almost destroyed.
The deep elf knight shouts!
The Executioner seems less confused.
The deep elf knight hits your butterfly with a +0 long sword!!
Your butterfly dies!
Your butterfly disappears in a burst of colours!
The red devil misses you.
The Ice Fiend claws you but does no damage.
The Ice Fiend closely misses you.
The +0 trident of holy wrath hits your butterfly from afar!
Your butterfly dies!
Your butterfly disappears in a burst of colours!
The ghostly deep elf archer hits you with a +0 short sword!!
You die...
Your body falls in perfect tune with the rhythm.

... .# #.##.##.##
#......... #.......#
#.######3##.##.#
###.##..{e(1..##.#
......###e.E)...# #{.@#
#ee.....#
#...#####@1......
#...##...43e.....
#...##))..e2..... #
#.....)....).....
##.####<..#####(...b..#
..............†....e..#
.........).............
#......)..............#
#######...###.........#


You could see an Ice Fiend (summoned), an Executioner (summoned, fast), a
ghostly deep elf demonologist (corroded, ally target), a ghostly deep elf archer
(repels missiles, unable to see you), 2 deep elf knights, a ghostly deep elf
knight (confused, unable to see you), an earth elemental (unable to see you), a
deep elf pyromancer (confused, unable to see you, corroded), a deep elf
zephyrmancer (unable to see you), a sixfirhy (summoned, unable to see you,
corroded), a smoke demon (summoned, unable to see you), a hellion (summoned,
unaware, unable to see you), a red devil (summoned, unable to see you, corroded)
and 2 dancing weapons.

Vanquished Creatures
  Xtahua (Vaults:3)
  Nikola (Shoals:1)
  A tentacled monstrosity (Vaults:4)
  Asterion (Snake:4)
  Zenata (Vaults:1)
  Rupert (D:13)
  A deep elf blademaster (Elf:2)
  A tentacled starspawn (Abyss:2)
  3 sphinxes
  Frances (D:12)
  Donald (Elf:1)
  12 nagarajas (Snake:4)
  2 frost giants
  13 vault wardens
  3 deep elf sorcerers (Elf:1)
  2 orc warlords
  12 ironbound preservers
  A formless jellyfish (Vaults:1)
  3 ironbound thunderhulks
  A deep elf death mage (Elf:3)
  3 war gargoyles
  Azrael (Snake:3)
  A deep elf annihilator (Elf:3)
  16 dire elephants
  A deep elf demonologist (Vaults:4)
  A minotaur (Gauntlet)
  9 merfolk impalers
  A green death (Abyss:2)
  4 merfolk javelineers
  A crystal guardian (Vaults:4)
  4 entropy weavers
  Fannar (D:11)
  12 yaktaur captains
  A deep elf high priest (Vaults:4)
  4 hydras
  3 salamander tyrants (Snake:4)
  3 peacekeepers (Vaults:4)
  4 great orbs of eyes
  2 vault guards
  4 catoblepae
  7 ironbound frosthearts
  9 anacondas
  2 alligator snapping turtles
  3 centaur warriors
  A merfolk aquamancer (Shoals:3)
  6 merfolk avatars
  2 satyrs
  2 boulder beetles
  29 dancing weapons
  10 two-headed ogres
  2 death knights (Vaults:3)
  A deep troll earth mage (Vaults:4)
  4 thrashing horrors (Abyss:2)
  17 death yaks
  2 orc high priests
  18 naga warriors
  9 shock serpents
  A soul eater (Gauntlet)
  12 deep elf knights
  14 naga sharpshooters
  2 wretched stars (Abyss:2)
  6 salamander mystics
  6 skysharks
  A shadow wraith (Abyss:2)
  16 sea snakes
  A death drake (Abyss:2)
  42 deep trolls
  11 mana vipers
  2 large abominations (Abyss:2)
  4 arcanists
  19 harpies
  18 starcursed masses (Abyss:2)
  5 naga ritualists
  8 deep elf archers
  A glowing orange brain (Abyss:2)
  2 thermic dynamos (Elf:1)
  14 deep elf zephyrmancers
  21 ironbound convokers
  Pikel (D:9)
  15 deep elf pyromancers
  3 necromancers
  6 orc knights
  21 lindwurms
  6 cyclopes
  27 salamanders
  3 worldbinders (Abyss:2)
  12 ugly things
  15 fauns
  8 orc sorcerers
  22 manticores
  33 black mambas
  11 elephants
  A stone giant skeleton (Vaults:2)
  A meliai (shapeshifter) (D:13)
  5 guardian serpents
  9 merfolk sirens
  13 vault sentinels
  3 kobold blastminers
  2 torpor snails
  An apocalypse crab (Abyss:2)
  7 water nymphs
  A black mamba (shapeshifter) (Elf:1)
  A titan simulacrum (Abyss:2)
  14 naga magi
  An orange demon (Abyss:2)
  2 gargoyles (D:10)
  A water nymph (shapeshifter) (Elf:1)
  8 cane toads
  3 kobold demonologists
  A rime drake (shapeshifter) (Elf:1)
  51 yaktaurs
  6 rime drakes
  An unseen horror (D:12)
  Maggie (D:9)
  2 freezing wraiths
  5 komodo dragons
  An anaconda simulacrum (IceCv)
  An ancient zyme (Abyss:2)
  37 merfolk
  A yaktaur skeleton (Vaults:2)
  A hellwing (Abyss:2)
  7 wind drakes
  3 polar bears
  10 trolls
  A tarantella (Vaults:3)
  5 blink frogs (Lair:2)
  12 snapping turtles
  A culicivora (shapeshifter) (Vaults:4)
  3 raiju (Abyss:2)
  3 dream sheep (Shoals:1)
  3 centaur simulacra (D:12)
  A fire giant simulacrum (Vaults:3)
  34 slime creatures
  2 air elementals
  35 yaks
  6 shadows
  A ynoxinul (Abyss:2)
  4 water elementals
  4 wraiths
  10 wyverns
  5 basilisks
  9 fire elementals
  A fire bat (shapeshifter) (Vaults:2)
  A steam dragon (shapeshifter) (D:13)
  3 redbacks
  3 steam dragons
  A yaktaur simulacrum (Vaults:2)
  A death yak simulacrum (IceCv)
  A chaos spawn (Abyss:2)
  2 neqoxecs (Abyss:2)
  4 vampire mosquitoes
  3 acid dragons
  3 swamp worms (Gauntlet)
  18 water moccasins
  48 nagas
  A glowing shapeshifter skeleton (Vaults:2)
  A hell hound (Snake:3)
  20 orc warriors
  A black bear (D:7)
  2 ice beasts
  A sky beast (D:7)
  12 laughing skulls (Abyss:2)
  4 ogres
  3 small abominations (Abyss:2)
  13 wolves
  A boggart (shapeshifter) (Elf:1)
  10 centaurs
  4 lemures (D:9)
  A phantom (D:6)
  26 bullfrogs
  3 kobold brigands
  A brain worm (Abyss:2)
  3 earth elementals
  A cane toad simulacrum (IceCv)
  5 scorpions
  2 two-headed ogre simulacra
  5 wights (D:7)
  18 killer bees
  An elephant simulacrum (Orc:2)
  11 howler monkeys
  7 electric eels
  4 lava snakes
  8 jellies
  2 bombardier beetles
  A gnoll bouda (D:8)
  A hound (D:5)
  21 orc priests
  2 sleepcaps
  2 iguanas
  40 orc wizards
  7 hell rats (Lair:5)
  4 spriggan simulacra
  A polar bear simulacrum (Orc:2)
  3 wolf simulacra (IceCv)
  A boggart simulacrum (D:14)
  6 gnolls
  4 adders
  3 naga simulacra
  5 shadow imps
  2 white imps (D:7)
  A dart slug (D:2)
  A ribbon worm (D:4)
  81 orcs
  6 bats
  6 endoplasms
  6 goblins
  5 hobgoblins
  5 jackals (D:1)
  3 quokkas
  3 ball pythons (D:1)
  A frilled lizard (D:1)
  13 kobolds
  3 rats
  A starspawn tentacle (Abyss:2)
1489 creatures vanquished.

Vanquished Creatures (others)
  An ironbound frostheart (Vaults:4)
  A deep elf knight (Elf:2)
  A deep elf pyromancer (Elf:3)
  3 deep elf zephyrmancers
  A slime creature (D:12)
  An orc (D:7)
  A lurking horror (Abyss:2)
  6 starspawn tentacles (Abyss:2)
15 creatures vanquished.

Grand Total: 1504 creatures vanquished

Notes
Turn   | Place    | Note
-------+----------+-------------------------------------------
     0 | D:1      | gimp the Formicid Shapeshifter began the quest for the Orb.
     0 | D:1      | Reached XP level 1. HP: 15/15 MP: 1/1
   240 | D:1      | Reached XP level 2. HP: 21/21 MP: 2/2
   487 | D:1      | Reached XP level 3. HP: 27/27 MP: 3/3
  1535 | D:3      | Reached XP level 4. HP: 29/34 MP: 4/4
  1626 | D:3      | Identified the serpent talisman "Sikia" {Dex+2 Slay+2 SInv}
  1646 | D:3      | Reached skill level 4 in Shapeshifting
  2017 | D:4      | Found a roughly hewn altar of Beogh.
  2052 | D:4      | Reached XP level 5. HP: 20/41 MP: 5/5
  2424 | D:4      | Found a staircase to the Ecumenical Temple.
  2439 | Temple   | Entered the Ecumenical Temple
  2457 | Temple   | Became a worshipper of Uskayaw the Reveller
  2725 | D:5      | Entered Level 5 of the Dungeon
  2760 | D:5      | Found an iron altar of Okawaru.
  2772 | D:5      | Reached * piety under Uskayaw
  2777 | D:5      | Reached XP level 6. HP: 40/47 MP: 6/6
  2778 | D:5      | Reached ** piety under Uskayaw
  3001 | D:5      | Noticed Edmund
  3087 | D:6      | Noticed a two-headed ogre
  3260 | D:5      | Found Zin's Purification Station.
  3263 | D:5      | Found a glowing silver altar of Zin.
  3266 | D:5      | Bought a potion of curing for 90 gold pieces
  3430 | D:5      | Noticed an ice beast
  3467 | D:6      | Reached skill level 5 in Shapeshifting
  3467 | D:6      | Reached XP level 7. HP: 50/54 MP: 7/7
  3473 | D:6      | Reached *** piety under Uskayaw
  3491 | D:6      | Reached skill level 5 in Unarmed Combat
  3509 | D:6      | Found a runed translucent door.
  3514 | D:6      | Noticed BubbleThief's ghost (novice MfGl)
  3910 | D:5      | Reached skill level 5 in Fighting
  4021 | D:5      | Reached XP level 8. HP: 54/62 MP: 8/8
  4178 | D:6      | Reached skill level 6 in Shapeshifting
  4362 | D:6      | Killed a two-headed ogre
  4362 | D:6      | Reached **** piety under Uskayaw
  4363 | D:6      | Reached skill level 7 in Shapeshifting
  4363 | D:6      | Reached XP level 9. HP: 50/68 MP: 9/9
  4865 | D:7      | Reached ***** piety under Uskayaw
  5056 | D:7      | Reached skill level 8 in Shapeshifting
  6030 | D:8      | Noticed a manticore
  6103 | D:8      | Reached skill level 9 in Shapeshifting
  6244 | D:8      | Reached XP level 10. HP: 66/74 MP: 10/10
  6384 | D:8      | Noticed a komodo dragon
  6866 | D:8      | Noticed a komodo dragon
  6871 | D:7      | Killed a komodo dragon
  6960 | D:7      | Reached skill level 10 in Shapeshifting
  6963 | D:7      | Reached skill level 10 in Unarmed Combat
  7133 | D:8      | Killed a manticore
  7134 | D:8      | Reached skill level 1 in Invocations
  7328 | D:8      | Noticed a two-headed ogre
  7344 | D:8      | Killed a two-headed ogre
  7494 | D:8      | Killed a komodo dragon
  7699 | D:8      | Found a staircase to the Lair.
  7868 | D:9      | Noticed Pikel
  7897 | D:9      | Reached XP level 11. HP: 79/79 MP: 13/13
  7935 | D:9      | Killed Pikel
  8287 | D:9      | Noticed Maggie
  8307 | D:9      | Killed Maggie
  8628 | D:9      | Found a glowing golden altar of the Shining One.
  8629 | D:9      | Found a bloodstained altar of Trog.
  8726 | D:10     | Entered Level 10 of the Dungeon
  8732 | D:9      | Reached skill level 5 in Dodging
  8741 | D:10     | Reached skill level 5 in Invocations
  9116 | D:10     | Noticed a cyclops
  9133 | D:10     | Killed a cyclops
  9356 | D:10     | Found Ockac's Weapon Shoppe.
  9700 | D:10     | Noticed an orc knight
  9713 | D:10     | Killed an orc knight
  9910 | D:11     | Noticed a two-headed ogre
  9918 | D:11     | Killed a two-headed ogre
  9927 | D:11     | Reached XP level 12. HP: 86/86 MP: 16/16
 10007 | D:11     | Found Wuibb's Weapon Shoppe.
 10050 | D:11     | Noticed a two-headed ogre
 10057 | D:11     | Killed a two-headed ogre
 10090 | D:11     | Found a gate leading to a gauntlet.
 10239 | Gauntlet | Entered a Gauntlet
 10239 | Gauntlet | Found a transporter.
 10239 | Gauntlet | Found a transporter.
 10239 | Gauntlet | Found a transporter.
 10321 | Gauntlet | Found a transporter.
 10331 | Gauntlet | Found a transporter.
 10345 | Gauntlet | Found a transporter.
 10363 | Gauntlet | Found a transporter.
 10383 | Gauntlet | Found a transporter.
 10386 | Gauntlet | Found a transporter.
 10389 | Gauntlet | Found a transporter.
 10390 | Gauntlet | Noticed a soul eater
 10398 | Gauntlet | Found a transporter.
 10401 | Gauntlet | Found a transporter.
 10657 | Gauntlet | Killed a soul eater
 10749 | Gauntlet | Noticed a minotaur
 10759 | Gauntlet | Killed a minotaur
 11067 | D:11     | Noticed Fannar
 11096 | D:11     | Killed Fannar
 11304 | D:11     | Noticed a two-headed ogre
 11312 | D:11     | Killed a two-headed ogre
 11668 | D:12     | Noticed a two-headed ogre
 11672 | D:12     | Killed a two-headed ogre
 11923 | Lair:1   | Entered Level 1 of the Lair of Beasts
 12126 | Lair:1   | Reached XP level 13. HP: 91/91 MP: 19/19
 12134 | Lair:1   | Reached ****** piety under Uskayaw
 12474 | Lair:1   | Noticed Nyexeo's ghost (journeyman VSEn)
 12485 | Lair:1   | Found a transporter.
 12894 | Lair:1   | Found a transporter.
 13283 | Lair:2   | Reached skill level 15 in Unarmed Combat
 13558 | Lair:2   | Noticed a seven-headed hydra
 13568 | Lair:2   | Killed a seven-headed hydra
 13569 | Lair:2   | Reached skill level 10 in Invocations
 13811 | Lair:2   | Identified the +1 buckler of Pitajykelo {rC+ rN+ MP+9
                  | Int-3}
 13818 | Lair:2   | Found a staircase to the Snake Pit.
 13897 | Lair:2   | Identified the +5 spear of the Thoughtful Allies {freeze,
                  | *Rage Will+ rCorr}
 15544 | Lair:3   | Reached XP level 14. HP: 98/98 MP: 22/22
 16993 | Lair:5   | Entered Level 5 of the Lair of Beasts
 17218 | Lair:5   | Found a staircase to the Slime Pits.
 17220 | Lair:5   | Found a viscous altar of Jiyva.
 17231 | Lair:5   | Reached skill level 10 in Dodging
 17464 | Lair:5   | Found an iron altar of Okawaru.
 17594 | Lair:5   | Identified the +5 broad axe of the Owl {elec, rElec rN+}
 18269 | Lair:5   | Reached XP level 15. HP: 98/110 MP: 24/24
 19216 | D:12     | Found a staircase to the Orcish Mines.
 19829 | D:12     | Noticed Frances
 19837 | D:12     | You fall into a shaft and drop 1 floor!
 20302 | D:12     | Killed Frances
 20479 | Orc:1    | Entered Level 1 of the Orcish Mines
 20521 | Orc:2    | Entered Level 2 of the Orcish Mines
 20540 | Orc:2    | Found a frozen archway.
 20693 | IceCv    | Entered an ice cave
 21127 | Orc:2    | Reached skill level 11 in Shapeshifting
 22147 | Orc:1    | Noticed an orc warlord
 22161 | Orc:1    | Killed an orc warlord
 22942 | Orc:2    | Found a staircase to the Elven Halls.
 22996 | Orc:2    | Found Moveof's Jewellery Shoppe.
 22996 | Orc:2    | Found Miomno's Armour Emporium.
 22997 | Orc:2    | Found Paips's Weapon Emporium.
 23001 | Orc:2    | Found Giasto's Assorted Antiques.
 23110 | Orc:2    | Bought a scroll of fear for 132 gold pieces
 23110 | Orc:2    | Bought a faintly glowing robe for 188 gold pieces
 23110 | Orc:2    | Identified the +2 robe of Dolosowna {+Inv Archmagi} (You
                  | bought it in a shop on level 2 of the Orcish Mines)
 23110 | Orc:2    | Bought a potion of heal wounds for 165 gold pieces
 23176 | D:13     | Noticed Rupert
 23185 | D:13     | Killed Rupert
 23186 | D:13     | Reached skill level 10 in Fighting
 23658 | D:13     | Found a runed translucent gate.
 23658 | D:13     | Found a runed translucent gate.
 23659 | D:13     | Found a runed translucent gate.
 23660 | D:13     | Noticed bayes525's ghost (journeyman FeBe)
 23721 | D:13     | Reached XP level 16. HP: 111/122 MP: 26/26
 23822 | D:13     | Reached skill level 12 in Shapeshifting
 25129 | D:14     | Found a gate to the Vaults.
 25588 | D:15     | Entered Level 15 of the Dungeon
 25615 | D:15     | Noticed a fire giant
 25787 | Snake:1  | Entered Level 1 of the Snake Pit
 26773 | Shoals:1 | Entered Level 1 of the Shoals
 26870 | Shoals:1 | Reached skill level 13 in Shapeshifting
 26968 | Shoals:1 | Noticed Nikola
 27003 | Shoals:1 | Killed Nikola
 27236 | Shoals:1 | Identified the amulet of Freedom {Faith Will- Dex+4}
 28001 | Shoals:2 | Reached skill level 14 in Shapeshifting
 28042 | Shoals:2 | Identified the ring of the Priest {rF+ rN+ Str+6 Int+3}
 28265 | Shoals:2 | Reached XP level 17. HP: 131/131 MP: 27/27
 28793 | Shoals:3 | Reached skill level 15 in Shapeshifting
 30100 | Shoals:4 | Entered Level 4 of the Shoals
 30605 | Shoals:3 | Reached skill level 16 in Shapeshifting
 32185 | Shoals:4 | Reached skill level 1 in Evocations
 32333 | Shoals:4 | Found Socsot Asou's Antique Weapon Boutique.
 32502 | Shoals:4 | Reached XP level 18. HP: 138/138 MP: 28/28
 33221 | Shoals:4 | Got a barnacled rune of Zot
 34491 | Snake:2  | Reached skill level 17 in Shapeshifting
 35004 | Snake:2  | Reached skill level 5 in Evocations
 35459 | Snake:3  | Noticed Azrael
 35474 | Snake:3  | Killed Azrael
 35614 | Snake:3  | Found Guatodgh's Antique Armour Boutique.
 35845 | Snake:3  | Reached skill level 15 in Dodging
 36603 | Snake:4  | Entered Level 4 of the Snake Pit
 36616 | Snake:4  | Reached XP level 19. HP: 143/143 MP: 29/29
 37230 | Snake:4  | Reached skill level 18 in Shapeshifting
 37296 | Snake:4  | Noticed Asterion
 37311 | Snake:4  | Killed Asterion
 38604 | Snake:4  | Got a serpentine rune of Zot
 39362 | Vaults:1 | Entered Level 1 of the Vaults
 39572 | Vaults:1 | Reached XP level 20. HP: 148/150 MP: 30/30
 39907 | Vaults:1 | Identified the dragon-blood talisman of Impermeability
                  | {Int+3}
 39942 | Vaults:1 | Reached skill level 15 in Invocations
 39942 | Vaults:1 | Reached skill level 19 in Shapeshifting
 40560 | Vaults:1 | Noticed Zenata
 40571 | Vaults:1 | Killed Zenata
 42278 | Vaults:2 | Reached XP level 21. HP: 156/156 MP: 33/33
 43490 | Vaults:3 | Noticed Xtahua
 43507 | Vaults:3 | Killed Xtahua
 44455 | Vaults:3 | Got the Monograph on Snow
 44579 | Vaults:3 | Found a staircase to the Crypt.
 45100 | Vaults:3 | Identified the +1 plate armour of Vehumet's Fury {rPois}
 45114 | Vaults:3 | Identified the +0 scale mail of the Heavens {Regen+ Int-3
                  | Dex+2}
 45468 | Vaults:4 | Reached skill level 20 in Shapeshifting
 45634 | Vaults:4 | Reached XP level 22. HP: 163/163 MP: 35/35
 46047 | Vaults:4 | Got the Folio of the Ill-fated Vertex
 46390 | Vaults:4 | Identified the +4 long sword of Eternal Harmony {venom,
                  | *Slow rN+++ Will++ Dex-5}
 46593 | Vaults:4 | Found the +6 Majin-Bo {spellvamp, MP+6 Int+6}
 47932 | Elf:1    | Entered Level 1 of the Elven Halls
 48060 | Elf:1    | Noticed Donald
 48076 | Elf:1    | Killed Donald
 48456 | Elf:1    | Found Immagieh's Distillery.
 48473 | Elf:1    | Bought a potion of heal wounds for 70 gold pieces
 48473 | Elf:1    | Bought a potion of curing for 42 gold pieces
 48473 | Elf:1    | Bought a potion of curing for 42 gold pieces
 48473 | Elf:1    | Bought a potion of resistance for 140 gold pieces
 48473 | Elf:1    | Bought a potion of curing for 42 gold pieces
 48473 | Elf:1    | Bought a potion of curing for 42 gold pieces
 49902 | Elf:2    | Found an ancient bone altar of Kikubaaqudgha.
 49956 | Elf:2    | Found a runed translucent gate.
 49956 | Elf:2    | Found a runed translucent gate.
 49956 | Elf:2    | Found a runed translucent gate.
 50214 | Elf:1    | Found a radiant altar of Vehumet.
 51552 | Abyss:2  | Found a corrupted altar of Lugonu.
 51552 | Abyss:2  | Cast into level 2 of the Abyss (+3 battleaxe of distortion)
 51649 | Abyss:2  | Found a corrupted altar of Lugonu.
 51816 | Abyss:2  | Found a corrupted altar of Lugonu.
 52043 | Abyss:2  | Reached XP level 23. HP: 125/169 MP: 36/36
 52187 | Elf:2    | Escaped the Abyss
 52673 | Elf:3    | Entered Level 3 of the Elven Halls
 52958 | Elf:3    | Noticed Louise
 52979 | Elf:3    | HP: 7/169 [???[a ghostly deep elf demonologist] (3)]
 52980 | Elf:3    | Mangled by a ghostly deep elf archer

Illustrated notes

Levels and vault maps discovered:
D:1:      dpeg_arrival_chambers_temple_mockup, layout_basic, minivault_4,
          serial_park_tiny_1, corner_web_ring, nicolae_the_louvre
D:2:      layout_rooms
D:3:      layout_basic
D:4:      layout_cave_pools, minmay_temple_entry_mini_moons,
          kennysheep_orc_chapel
D:5:      layout_loops_ring, okawaru_altar_gauntlet_db, zin_purify,
          nicolae_overflow_hidden_temple, uniq_edmund
D:6:      layout_cave_pools, hellmonk_ghost_happy_afterlife,
          dreamdust_princess_bridge
D:7:      layout_cave_pools, eino_small_chamber_without_monster
D:8:      layout_rooms, grunt_lair_entry_orc_guard_hut
D:9:      layout_long_grid, gammafunk_temple_overflow_statue, uniq_pikel,
          uniq_maggie
D:10:     kennysheep_blocky_room, layout_long_grid, serial_shops,
          nicolae_shop_bloodbath_and_beyond
D:11:     layout_irregular_city, gauntlet_entry_generic, serial_shops, shop,
          eino_small_chamber_without_monster, uniq_fannar
D:12:     layout_roguey, orc_0_dummy, serial_ice, serial_ice_d, serial_ice_a,
          serial_ice_f, serial_ice_b, serial_ice_o, serial_ice_j, uniq_frances
D:13:     layout_roguey, gammafunk_ghost_spectres,
          ebering_dispersal_statue_hall, kennysheep_minor_cross, uniq_rupert
D:14:     layout_irregular_city, david_vaults_1
D:15:     grunt_enter_depths_giant_problem, layout_long_grid, lemuel_tele_altar,
          beargit_hepliaklqana_dungeon_heroes
Temple:   eino_temple_scatter_basement
Lair:1:   layout_gridlike, gammafunk_ghost_arena, beast_lair_carwin_7
Lair:2:   layout_hall_layers, minmay_snake_entry_guardpost_small, serial_forest,
          infiniplex_forest_straight_2, infiniplex_forest_clump_small,
          infiniplex_forest_clump_curved, infiniplex_forest_lined_ring,
          infiniplex_forest_straight_4, pdpol_lair_cavern_descent
Lair:3:   layout_gridlike, nicolae_shoals_entry_flooding
Lair:4:   layout_roguey, infiniplex_staircase_pool
Lair:5:   evilmike_catoblepas_cave, layout_loops_ring,
          nicolae_slime_entry_field_trip, basic_altar, grunt_megastairs_5
Shoals:1: layout_shoals, uniq_nikola
Shoals:2: layout_shoals
Shoals:3: layout_shoals, nicolae_shoals_isolated_beach
Shoals:4: shoals_end_grunt_ice, layout_shoals, serial_shops, shop,
          nicolae_shoals_mertower
Snake:1:  layout_grid_maze, nicolae_snake_snakes_in_the_grass
Snake:2:  layout_gridlike, nicolae_snake_biting_tails
Snake:3:  layout_basic, serial_shops, shop, nicolae_snake_linked_coils,
          statue_in_the_mist_lemuel, uniq_azrael
Snake:4:  grunt_snake_rune_spirals, layout_onion, grunt_ministairs_9,
          fake_guardian_serpent_vault, uniq_asterion
Orc:1:    layout_diamond_mine
Orc:2:    st_orc_mages, layout_caves, portal_ice_cave_entry_ice_simulacra
Elf:1:    eino_elf_arrival_customs, layout_loops_cross, serial_shops,
          nicolae_shop_trees, nicolae_elf_crossing_hall, lemuel_upstairs_altar,
          uniq_donald
Elf:2:    nicolae_elf_blades_splatter_lattice [nicolae_blade_little_rooms],
          layout_onion_city, basic_altar
Elf:3:    grunt_elf_hall_branching, layout_loops_cross, serial_shops, shop,
          st_stairs_10, minivault_16, wad_floor_pattern_untrapped, uniq_louise,
          uniq_norris
Vaults:1: nicolae_vaults_oval_intersection, grunt_vaults_diagonal,
          ontoclasm_vaults_ring_small, vaults_room_ringed_pool,
          hangedman_vaults_stream, nicolae_vaults_diagonal_hallway_7,
          vaults_room_grid, vaults_mumra_lcd, hangedman_vaults_cutoff,
          layout_vaults_big_room, uniq_zenata
Vaults:2: v_rooms_4, nicolae_vaults_trapezoid_1, nicolae_vaults_big_ls,
          vaults_mumra_hexcomb, serial_ice_b, nicolae_vaults_sesquioval_fish,
          nicolae_vaults_trapezoid_3, st_more_cells,
          nicolae_vaults_three_branches, layout_vaults_omnigrid
Vaults:3: vaults_room_pools, nicolae_vaults_tetromino_Z_1,
          nicolae_vaults_diamond_1, v_alt_pattern_2, v_misc_23,
          vaults_dpeg_cross, nicolae_vaults_variable_pillar_hall,
          v_alt_pattern_6, vaults_room_grid, vaults_room_hallway,
          nicolae_vaults_little_ls, vaults_dpeg_ring, grunt_vaults_bifocal,
          ontoclasm_vaults_claustrophobia, blue_anna_dwarven_crypt,
          nicolae_vaults_storage_closets_3, hangedman_vaults_impose,
          nicolae_vaults_stepped_doors, ontoclasm_vaults_decontamination,
          layout_vaults_omnibox, uniq_xtahua
Vaults:4: vaults_room_boxed, nicolae_vaults_network_s, vaults_standard_mumra_x,
          nicolae_vaults_shipping_containers_6,
          nicolae_vaults_trapezoid_layered, ontoclasm_vaults_eye,
          nicolae_vaults_gold_heap, nicolae_vaults_theta, v_misc_11, v_misc_23,
          nicolae_vaults_more_shelving_1, layout_vaults_omnicross, uniq_margery

Skill      XL: |  1  2  3  4  5  6  7  8  9 10 11 12 13 14 15 16 17 18 19 20 21 22 |
---------------+-------------------------------------------------------------------+-----
Fighting       | 2 3 4 5 8 10 11 | 11.0
Shapeshifting  | 4 5 7 9 10 11 14 16 17 18 19 20 | 20.7
Unarmed Combat | 4 5 7 9 10 12 14 16 17 | 17.8
Dodging        | 4 6 7 9 10 11 12 14 15 16 17 18 19 | 19.9
Invocations    | 3 6 8 10 13 14 16 18 19 | 19.0
Evocations     | 2 7 9 |  9.0

Action                     |  1- 3 |  4- 6 |  7- 9 | 10-12 | 13-15 | 16-18 | 19-21 | 22-24 || total
---------------------------+-------+-------+-------+-------+-------+-------+-------+-------++-------
  Melee: Unarmed           |    81 |   106 |   224 |   348 |   870 |   989 |   922 |   544 ||  4084
         Punch             |     1 |     5 |     3 |       |    29 |    83 |    97 |    55 ||   273
         Constrict         |       |       |       |    59 |   117 |    12 |       |       ||   188
         Tailslap          |       |       |       |       |       |       |    78 |    50 ||   128
         Bite              |       |       |       |       |       |       |    79 |    34 ||   113
 Invoke: Line Pass         |       |       |     1 |     2 |     1 |     9 |     6 |     8 ||    27
         Grand Finale      |       |       |       |       |     6 |     5 |     4 |     2 ||    17
         Stomp             |       |       |       |       |     2 |     2 |     4 |     2 ||    10
Ability: Dig               |       |       |     1 |       |     3 |     6 |     5 |     2 ||    17
         Shaft Self        |       |       |       |       |     1 |       |       |       ||     1
         Breathe Fire      |       |       |       |       |       |       |     4 |       ||     4
  Evoke: Wand              |       |       |       |     4 |     8 |     4 |       |     3 ||    19
         Phial of floods   |       |       |       |       |     1 |       |     1 |       ||     2
         Box of beasts     |       |       |       |       |       |       |     1 |     1 ||     2
         Phantom mirror    |       |       |       |       |       |       |       |     1 ||     1
    Use: Scroll            |       |     7 |     2 |    10 |     6 |     6 |     1 |     3 ||    35
         Potion            |       |       |     6 |     5 |     4 |     5 |     2 |     8 ||    30
   Stab: Sleeping          |     2 |     1 |       |     2 |       |     3 |     4 |     2 ||    14
         Paralysed         |       |       |     7 |    37 |    68 |    76 |   116 |    39 ||   343
         Confused          |       |       |       |     3 |       |     3 |     3 |     1 ||    10
         Distracted        |       |       |       |     1 |     1 |     1 |     1 |       ||     4
         Invisible         |       |       |       |     1 |     1 |       |       |       ||     2
         Petrified         |       |       |       |       |     1 |       |       |       ||     1
 Armour: Animal skin       |    36 |    57 |    47 |       |       |       |       |       ||   140
         Skin              |       |       |    83 |   215 |   269 |   951 |   675 |   272 ||  2465
         Swamp dragon scal |       |       |       |       |   191 |    64 |       |       ||   255
         Robe              |       |       |       |       |       |       |       |    47 ||    47
  Dodge: Dodged            |    52 |    47 |   162 |   185 |   482 |  1249 |   716 |   485 ||  3378
         Repelled          |       |       |       |    14 |    13 |   100 |    97 |    74 ||   298
   Form: Flux              |       |       |     1 |       |     1 |       |       |       ||     2
         Serpent           |       |       |       |     3 |       |     2 |       |       ||     5
                           |       |       |       |     2 |       |     1 |       |       ||     3
         Blade             |       |       |       |       |     2 |     2 |       |     2 ||     6
         Statue            |       |       |       |       |       |     1 |       |     2 ||     3
         Dragon            |       |       |       |       |       |       |     1 |     1 ||     2

Table legend: (Time is in decaauts)
 A = Elapsed time spent in this place.
 B = Non-inter-level travel time spent in this place.
 C = Inter-level travel time spent in this place.
 D = Time resting spent in this place.
 E = Time spent auto-exploring this place.
 F = Levels seen in this place.
 G = Mean time per level.
                   A        B        C        D        E       F      G
               +--------+--------+--------+--------+--------+-----+--------+
         Total |  59024 |  55106 |   3918 |   2999 |  40783 |  41 | 1439.6 |
       Dungeon |  15831 |  14389 |   1442 |    788 |  10862 |  15 | 1055.4 |
        Temple |     36 |      2 |     34 |      0 |      0 |   1 |   36.0 |
          Lair |   8112 |   7448 |    664 |    420 |   5917 |   5 | 1622.4 |
        Shoals |   9811 |   9495 |    316 |    501 |   6939 |   4 | 2452.8 |
     Snake Pit |   8553 |   7901 |    652 |     54 |   5890 |   4 | 2138.2 |
  Orcish Mines |   2647 |   2443 |    204 |    356 |   1257 |   2 | 1323.5 |
   Elven Halls |   3916 |   3479 |    437 |    244 |   2525 |   3 | 1305.3 |
        Vaults |   8584 |   8418 |    166 |    297 |   6857 |   4 | 2146.0 |
         Abyss |    798 |    798 |      0 |    118 |    312 |   1 |  798.0 |
      Ice Cave |     41 |     41 |      0 |      0 |      0 |   1 |   41.0 |
      Gauntlet |    690 |    690 |      0 |    218 |    223 |   1 |  690.0 |
               +--------+--------+--------+--------+--------+-----+--------+

Top non-repeatable levels by time:
 Snake:4: 3574 daAuts
Shoals:3: 3309 daAuts
Shoals:4: 3064 daAuts
  Lair:2: 2754 daAuts
   Elf:2: 2448 daAuts
Vaults:2: 2322 daAuts
Vaults:3: 2248 daAuts
Vaults:4: 2170 daAuts
Shoals:2: 1968 daAuts
     D:7: 1861 daAuts
Vaults:1: 1843 daAuts
 Snake:2: 1746 daAuts
  Lair:5: 1693 daAuts
 Snake:1: 1619 daAuts
 Snake:3: 1612 daAuts
